[Event "58th Akiba Rubinstein C 2022"]
[Site "Polanica-Zdroj"]
[Date "2022.08.20"]
[Round "8.11"]
[White "Gregulski, Zbigniew"]
[Black "Krupa, Jerzy"]
[Result "0-1"]
[ECO "A40"]
[WhiteElo "1591"]
[BlackElo "1771"]
[Annotator "NA RC"]
[PlyCount "116"]
[EventDate "2022.08.13"]
[EventCountry "POL"]
[SourceTitle "playchess.com"]
[Source "ChessBase"]
[SourceQuality "1"]
[TimeControl "40/5400+30:1800+30"]

1. d4 e6 2. Nf3 c5 3. g3 cxd4 4. Bg2 Nc6 5. Nxd4 Nf6 6. O-O Bc5 7. Nb3 Be7 8. Nc3 d5 9. e4 d4 10. Ne2 e5 11. f4 Qb6 12. Kh1 Bg4 13. h3 Bxe2 14. Qxe2 O-O 15. fxe5 Nxe5 16. Bf4 Ng6 17. e5 Nd7 18. Be4 Nc5 19. Nxc5 Bxc5 20. b3 Rac8 21. Kh2 Rc7 22. Kh1 Rcc8 23. Kh2 Rc7 24. Bd3 Re8 25. Be4 Rf8 26. Bd3 Re8 27. Be4 Rf8 28. Bd3 Re8 29. Be4 Rf8 30. Bd3 Re8 31. Qh5 Rce7 32. Rf2 Rc7 33. Rff1 Rce7 34. Rf2 Qc6 35. Rff1 Qb6 36. Rf2 Qc6 37. Rff1 Qb6 38. Rf2 Qc6 39. Rff1 Qb6 40. Rf2 Qc6 41. Raf1 Qb6 42. Ra1 Qc6 43. Raf1 h6 44. Rf3 b5 45. Qf5 a6 46. Qg4 Rxe5 47. Bc1 R5e7 48. Bf4 Re5 49. Bc1 R5e7 50. Bf4 Re5 51. Bc1 R5e7 52. Bf4 Re5 53. Bc1 R5e7 54. Rf6 gxf6 55. Rf2 Re1 56. Rf3 R1e7 57. Rf2 Re1 58. Rf3 Rxc1 0-1

[Event "58th Akiba Rubinstein C 2022"]
[Site "Polanica-Zdroj"]
[Date "2022.08.20"]
[Round "8.12"]
[White "Tomalak, Stanislaw"]
[Black "Bobrowski, Piotr"]
[Result "1-0"]
[ECO "A04"]
[WhiteElo "1554"]
[BlackElo "1764"]
[Annotator "NA RC"]
[PlyCount "133"]
[EventDate "2022.08.13"]
[EventCountry "POL"]
[SourceTitle "playchess.com"]
[Source "ChessBase"]
[SourceQuality "1"]
[TimeControl "40/5400+30:1800+30"]

1. Nf3 g6 2. g3 Bg7 3. e4 e6 4. Bg2 Ne7 5. O-O O-O 6. d3 d5 7. Nbd2 c5 8. Re1 Nbc6 9. c3 d4 10. c4 e5 11. Nf1 a6 12. h3 Qd6 13. Bd2 f6 14. Qc1 Be6 15. Bh6 Rfb8 16. Bxg7 Kxg7 17. N3h2 b5 18. b3 bxc4 19. bxc4 Rb6 20. Ng4 Ng8 21. f4 Rab8 22. fxe5 fxe5 23. Nd2 a5 24. Nf3 h6 25. Nh4 Bxg4 26. hxg4 a4 27. a3 Rb3 28. Qd1 Na5 29. Rf1 R8b7 30. Rf3 Qd7 31. Bh3 Rc3 32. Qf1 g5 33. Nf5+ Kg6 34. Rb1 Rxb1 35. Qxb1 Nxc4 36. Qb8 Qe6 37. Qc7 Qf6 38. Qb8 Qe6 39. Qc7 Qf6 40. Nh4+ gxh4 41. Rxf6+ Nxf6 42. dxc4 d3 43. Qd6 hxg3 44. Bf1 Rc1 45. Qxd3 Nxg4 46. Qxg3 Kg5 47. Qd3 Kg6 48. Qg3 Kg5 49. Qg2 Kg6 50. Qg3 Kg5 51. Qg2 Rb1 52. Qg3 Rc1 53. Qg2 Rb1 54. Qd2+ Kh4 55. Qd3 Kg5 56. Qd2+ Kh4 57. Kg2 h5 58. Be2 Nf6 59. Bf1 Ng4 60. Be2 Nf6 61. Qe3 Ng4 62. Qd2 Nf6 63. Qe3 Rb3 64. Qd2 Rb1 65. Qe3 Rb3 66. Qf2+ Kg5 67. Qf5+ 1-0

[Event "58th Akiba Rubinstein C 2022"]
[Site "Polanica-Zdroj"]
[Date "2022.08.20"]
[Round "8.13"]
[White "Nisztuk, Michal"]
[Black "Poniewierski, Piotr"]
[Result "0-1"]
[ECO "B12"]
[WhiteElo "1548"]
[BlackElo "1747"]
[Annotator "NA RC"]
[PlyCount "88"]
[EventDate "2022.08.13"]
[EventCountry "POL"]
[SourceTitle "playchess.com"]
[Source "ChessBase"]
[SourceQuality "1"]
[TimeControl "40/5400+30:1800+30"]

1. e4 c6 2. d4 g6 3. c4 d5 4. e5 h5 5. Nc3 Nh6 6. Bd3 Bg7 7. Nge2 O-O 8. Bg5 Bf5 9. O-O Qd7 10. Nf4 Bxd3 11. Qxd3 e6 12. cxd5 cxd5 13. Nxg6 fxg6 14. Bxh6 Bxh6 15. Qxg6+ Bg7 16. Qxh5 Nc6 17. Rad1 Rf5 18. Qg4 Raf8 19. Rd3 Rf4 20. Qd1 Qf7 21. Qd2 a6 22. a3 Qf5 23. h3 Rf7 24. b4 b5 25. g4 Qh7 26. Ne2 Rf3 27. Rxf3 Rxf3 28. Rc1 Rxh3 29. Ng3 Ne7 30. Rc7 Qh4 31. Ra7 Ng6 32. Rc7 Ne7 33. Ra7 Ng6 34. Qc1 Qxg4 35. Rxa6 Nf4 36. Ra7 Ng6 37. Ra6 Nf4 38. Ra7 Ng6 39. Ra6 Nf4 40. Ra8+ Kh7 41. Ra7 Kg8 42. Ra8+ Kh7 43. Qc2+ Kh6 44. Qd2 Rh1+ 0-1

[Event "58th Akiba Rubinstein C 2022"]
[Site "Polanica-Zdroj"]
[Date "2022.08.20"]
[Round "8.14"]
[White "Wasylkiewicz, Andrzej"]
[Black "Stopka, Tomasz"]
[Result "1-0"]
[ECO "B23"]
[WhiteElo "1691"]
[BlackElo "1355"]
[Annotator "NA RC"]
[PlyCount "67"]
[EventDate "2022.08.13"]
[EventCountry "POL"]
[SourceTitle "playchess.com"]
[Source "ChessBase"]
[SourceQuality "1"]
[TimeControl "40/5400+30:1800+30"]

1. e4 c5 2. Nc3 e6 3. g3 a6 4. Bg2 Nc6 5. a4 Qc7 6. d3 Nf6 7. f4 d6 8. Nge2 Be7 9. O-O h5 10. h3 Rb8 11. Be3 b6 12. Qd2 b5 13. axb5 axb5 14. Kh2 b4 15. Nd1 Bb7 16. c3 Na5 17. Rb1 Bc6 18. c4 Rd8 19. f5 h4 20. fxe6 hxg3+ 21. Kg1 fxe6 22. Nf4 Kf7 23. Qe2 Rdf8 24. Qf3 Bd7 25. Qxg3 Ke8 26. Ng6 Kf7 27. Nxh8+ Rxh8 28. Bg5 Nc6 29. Ne3 Nd4 30. Rf2 Ke8 31. Rff1 Kf7 32. Rf2 Ke8 33. Bxf6 Bxf6 34. Qg6+ 1-0

[Event "58th Akiba Rubinstein C 2022"]
[Site "Polanica-Zdroj"]
[Date "2022.08.21"]
[Round "9.1"]
[White "Marusenko, Petr"]
[Black "Shilov, Sergej"]
[Result "1/2-1/2"]
[ECO "E62"]
[WhiteElo "2075"]
[BlackElo "2048"]
[Annotator "NA RC"]
[PlyCount "64"]
[EventDate "2022.08.13"]
[EventCountry "POL"]
[SourceTitle "playchess.com"]
[Source "ChessBase"]
[SourceQuality "1"]
[TimeControl "40/5400+30:1800+30"]

1. d4 d6 2. Nf3 Nf6 3. c4 g6 4. g3 Bg7 5. Bg2 O-O 6. O-O c6 7. Nc3 Qa5 8. e4 Qh5 9. Ng5 Bg4 10. Bf3 Nbd7 $16 (10... h6 $1 $15 {stays ahead.} 11. Bxg4 Nxg4) 11. Bxg4 Qxg4 12. h3 Qxd1 13. Rxd1 c5 14. Be3 cxd4 15. Bxd4 Rac8 16. b3 a6 17. Re1 e5 18. Be3 b5 19. Nd5 Nxd5 20. cxd5 h6 21. Nf3 f5 22. exf5 gxf5 23. Rac1 Nf6 24. Rxc8 Rxc8 25. Nh4 f4 26. gxf4 Nxd5 27. Nf5 Rc2 28. fxe5 Nxe3 29. Nxe3 Rxa2 30. e6 Ra1 31. Kf1 a5 32. Nd5 a4 1/2-1/2

[Event "58th Akiba Rubinstein C 2022"]
[Site "Polanica-Zdroj"]
[Date "2022.08.21"]
[Round "9.2"]
[White "Gromczak, Dariusz"]
[Black "Kawula, Andrzej"]
[Result "1-0"]
[ECO "C05"]
[WhiteElo "1906"]
[BlackElo "1870"]
[Annotator "NA RC"]
[PlyCount "59"]
[EventDate "2022.08.13"]
[EventCountry "POL"]
[SourceTitle "playchess.com"]
[Source "ChessBase"]
[SourceQuality "1"]
[TimeControl "40/5400+30:1800+30"]

1. e4 e6 2. d4 d5 3. Nd2 Nf6 4. e5 Nfd7 5. Bd3 c5 6. c3 Nc6 7. Ngf3 cxd4 8. cxd4 f5 9. exf6 Nxf6 10. O-O Bd6 11. Re1 O-O 12. Nf1 Qc7 13. Bg5 Bf4 14. Bh4 e5 15. dxe5 Nxe5 16. Nxe5 Bxe5 17. Rc1 Qd6 18. Bxf6 Qxf6 19. Bxh7+ Kxh7 20. Qh5+ Kg8 21. Qxe5 Qxf2+ 22. Kh1 d4 23. Ng3 Bg4 24. Ne4 Qxb2 25. Rc7 Rf7 26. Rxf7 Kxf7 27. Qf4+ Kg8 28. Qxg4 Rf8 29. Qe6+ Kh8 30. Ng5 1-0

[Event "58th Akiba Rubinstein C 2022"]
[Site "Polanica-Zdroj"]
[Date "2022.08.21"]
[Round "9.3"]
[White "Grubiak, Roman"]
[Black "fainberg, Boris"]
[Result "0-1"]
[ECO "A45"]
[WhiteElo "1637"]
[BlackElo "2015"]
[Annotator "NA RC"]
[PlyCount "86"]
[EventDate "2022.08.13"]
[EventCountry "POL"]
[SourceTitle "playchess.com"]
[Source "ChessBase"]
[SourceQuality "1"]
[TimeControl "40/5400+30:1800+30"]

1. d4 Nf6 2. Bg5 d5 3. Bxf6 gxf6 4. e3 c6 5. c3 h5 6. Bd3 Bg4 7. Ne2 h4 8. h3 Bc8 9. Nd2 e5 10. Qb3 Rg8 11. g3 hxg3 12. Nxg3 e4 13. Be2 f5 14. c4 Qb6 15. Qxb6 axb6 16. cxd5 cxd5 17. Bb5+ Nc6 18. Ne2 Ke7 19. Bxc6 bxc6 20. a3 Be6 21. Rc1 Kd6 22. Nf4 Bh6 23. Ke2 Rgc8 24. f3 c5 25. Nxe6 fxe6 26. fxe4 fxe4 27. Nb3 Ra7 28. Rhg1 Rf7 29. Rcf1 Rcf8 30. Rxf7 Rxf7 31. dxc5+ bxc5 32. Nd2 Rh7 33. Rh1 Rg7 34. Rh2 Ke5 35. h4 Rg3 36. Nf1 Rf3 37. a4 d4 38. a5 Rf7 39. Nd2 Kd5 40. b3 d3+ 41. Ke1 Bxe3 42. Nc4 Bd4 43. Ra2 Bc3+ 0-1

[Event "58th Akiba Rubinstein C 2022"]
[Site "Polanica-Zdroj"]
[Date "2022.08.21"]
[Round "9.4"]
[White "Szylko, Waldemar"]
[Black "Pyka, Roman"]
[Result "0-1"]
[ECO "B20"]
[WhiteElo "1911"]
[BlackElo "1881"]
[Annotator "NA RC"]
[PlyCount "68"]
[EventDate "2022.08.13"]
[EventCountry "POL"]
[SourceTitle "playchess.com"]
[Source "ChessBase"]
[SourceQuality "1"]
[TimeControl "40/5400+30:1800+30"]

1. e4 c5 2. Qe2 e6 3. Nc3 Nc6 4. g3 Nd4 5. Qd1 Ne7 6. Bg2 Nec6 7. d3 Nb4 8. Nce2 Nbxc2+ 9. Kf1 Nxa1 10. Nxd4 cxd4 11. Bd2 Qc7 12. Qxa1 Qc2 13. Ke2 b6 14. Nf3 Ba6 15. Ne1 Qc7 16. f4 d6 17. b4 e5 18. Qb2 Be7 19. b5 Bc8 20. Nc2 O-O 21. Nb4 Bb7 22. Bh3 Qd8 23. Rc1 d5 24. Nc6 Bxc6 25. bxc6 Bc5 26. Bd7 Qe7 27. f5 dxe4 28. dxe4 Ba3 29. Qb3 Bxc1 30. Bxc1 Rfd8 31. Ba3 Qg5 32. f6 Rxd7 33. cxd7 Qg4+ 34. Kd2 Qxd7 0-1

[Event "58th Akiba Rubinstein C 2022"]
[Site "Polanica-Zdroj"]
[Date "2022.08.21"]
[Round "9.5"]
[White "Szydelko, Kazimierz"]
[Black "Zowada, Kazimierz"]
[Result "1/2-1/2"]
[ECO "E67"]
[WhiteElo "1661"]
[BlackElo "2041"]
[Annotator "NA RC"]
[PlyCount "134"]
[EventDate "2022.08.13"]
[EventCountry "POL"]
[SourceTitle "playchess.com"]
[Source "ChessBase"]
[SourceQuality "1"]
[TimeControl "40/5400+30:1800+30"]

1. d4 g6 2. c4 Bg7 3. Nf3 Nf6 4. g3 d6 5. Nc3 Nbd7 6. Bg2 O-O 7. O-O e5 8. Re1 Re8 9. e4 a5 10. b3 exd4 11. Nxd4 Nc5 12. Bb2 h5 13. Qc2 Ng4 14. Rad1 Bd7 15. Nf3 Rb8 16. h3 Ne5 17. Nxe5 dxe5 18. Ba3 Ne6 19. Ne2 c5 20. Qd2 Re7 21. Nc3 f6 22. h4 b6 23. Nd5 Rf7 24. Bb2 a4 25. f4 Nd4 26. Bxd4 cxd4 27. fxe5 fxe5 28. Rf1 Be6 29. Rxf7 Bxf7 30. Rf1 Bxd5 31. exd5 axb3 32. axb3 Qe7 33. Be4 Kh7 34. Qd3 Rf8 35. Bxg6+ Kh6 36. Rxf8 Qxf8 37. Qf5 Qxf5 38. Bxf5 Bf8 39. Kf2 Kg7 40. Kf3 Kf6 41. g4 Bb4 42. Bd3 hxg4+ 43. Kxg4 Bd6 44. h5 Bf8 45. Bg6 Bh6 46. Kf3 Bf8 47. Ke4 Bh6 48. Bh7 Bf8 49. Bg8 Kg7 50. Be6 Kf6 51. Bg4 Kg5 52. Be2 Kf6 53. Bd3 Bg7 54. Be2 Bh6 55. d6 Ke6 56. d7 Kxd7 57. Kxe5 Bg7+ 58. Kf5 Ke7 59. Kg6 Kf8 60. h6 Bh8 61. Bd3 Be5 62. Kf5 Bh8 63. Ke6 Kg8 64. b4 Kf8 65. Kd5 Bf6 66. Kc6 Be7 67. Kb5 Kg8 1/2-1/2

[Event "58th Akiba Rubinstein C 2022"]
[Site "Polanica-Zdroj"]
[Date "2022.08.21"]
[Round "9.6"]
[White "Kwiecien, Zbigniew"]
[Black "Kruczynski, Marek"]
[Result "1-0"]
[ECO "C41"]
[WhiteElo "1937"]
[BlackElo "1651"]
[Annotator "NA RC"]
[PlyCount "61"]
[EventDate "2022.08.13"]
[EventCountry "POL"]
[SourceTitle "playchess.com"]
[Source "ChessBase"]
[SourceQuality "1"]
[TimeControl "40/5400+30:1800+30"]

1. e4 e5 2. Nf3 d6 3. Bc4 Be7 4. d3 Nf6 5. h3 c6 6. O-O h6 7. a4 Nbd7 8. Nc3 Nf8 9. a5 Be6 10. Nd2 g5 11. Bxe6 Nxe6 12. g3 Qd7 13. Kg2 O-O-O 14. Nc4 Kb8 15. Be3 Rdg8 16. Nb6 Qd8 17. Nc4 Qd7 18. Nb6 Qd8 19. Nc4 h5 20. b4 Nf4+ 21. Bxf4 gxf4 22. b5 c5 23. Na4 Nd7 24. Qb1 Bh4 25. Nxd6 Bxg3 26. Nf5 Bh4+ 27. Kf3 Rg6 28. Qb3 Rhg8 29. Qd5 Rh8 30. Qb3 Rhg8 31. Qd5 1-0

[Event "58th Akiba Rubinstein C 2022"]
[Site "Polanica-Zdroj"]
[Date "2022.08.21"]
[Round "9.7"]
[White "Fikus, Zygmunt"]
[Black "Wasylkiewicz, Andrzej"]
[Result "1-0"]
[ECO "A95"]
[WhiteElo "1891"]
[BlackElo "1691"]
[Annotator "NA RC"]
[PlyCount "59"]
[EventDate "2022.08.13"]
[EventCountry "POL"]
[SourceTitle "playchess.com"]
[Source "ChessBase"]
[SourceQuality "1"]
[TimeControl "40/5400+30:1800+30"]

1. Nf3 d5 2. d4 f5 3. g3 Nf6 4. Bg2 e6 5. O-O c6 6. c4 Be7 7. Nc3 O-O 8. b3 Bd7 9. Ne5 Be8 10. f3 Bh5 11. Qc2 dxc4 12. Nxc4 Qxd4+ 13. Be3 Qd8 14. Rad1 Qc8 15. Bf2 Nbd7 16. Rd2 Qc7 17. e4 Bg6 18. Ne3 Bb4 19. exf5 Bxc3 20. Qxc3 exf5 21. Rfd1 Nb6 22. Bh3 f4 23. Ng4 Nfd7 24. Rxd7 Nxd7 25. Rxd7 Qxd7 26. Nh6+ gxh6 27. Bxd7 Bf7 28. Qe5 Bg6 29. Qc3 Bf7 30. Qe5 1-0

[Event "58th Akiba Rubinstein C 2022"]
[Site "Polanica-Zdroj"]
[Date "2022.08.21"]
[Round "9.8"]
[White "Krupa, Jerzy"]
[Black "Gromada, Andrzej"]
[Result "0-1"]
[ECO "C05"]
[WhiteElo "1771"]
[BlackElo "1680"]
[Annotator "NA RC"]
[PlyCount "94"]
[EventDate "2022.08.13"]
[EventCountry "POL"]
[SourceTitle "playchess.com"]
[Source "ChessBase"]
[SourceQuality "1"]
[TimeControl "40/5400+30:1800+30"]

1. e4 e6 2. d4 d5 3. Nd2 Nf6 4. e5 Nfd7 5. Bd3 c5 6. c3 Nc6 7. Ngf3 Qb6 8. O-O cxd4 9. cxd4 Nxd4 10. Nxd4 Qxd4 11. Nf3 Qb6 12. Qa4 Qb4 13. Qc2 Qc5 14. Qe2 Qc7 15. Bd2 Be7 16. Rac1 Qd8 17. Nd4 O-O 18. Rfe1 g6 19. Bh6 Bg5 20. Bxg5 Qxg5 21. Rc7 b6 22. b4 a5 23. Bb5 Nb8 24. Rec1 Ba6 25. bxa5 Bxb5 26. Qxb5 Rxa5 27. Qxb6 Rxa2 28. Nf3 Qf4 29. Qb3 Qa4 30. Qe3 Ra1 31. h3 Kg7 32. Kh2 Rxc1 33. Qxc1 h6 34. Qe3 Nc6 35. Qc1 Nd4 36. Qf4 Nxf3+ 37. Qxf3 Kg8 38. Qf6 Qe4 39. g4 g5 40. Kg3 Qh7 41. h4 Qg7 42. hxg5 hxg5 43. f4 Qxf6 44. exf6 gxf4+ 45. Kxf4 Rd8 46. Kg3 Rf8 47. Kf4 Rd8 0-1

[Event "58th Akiba Rubinstein C 2022"]
[Site "Polanica-Zdroj"]
[Date "2022.08.21"]
[Round "9.9"]
[White "Poniewierski, Piotr"]
[Black "Tchorzewski, Kazimierz"]
[Result "1-0"]
[ECO "A53"]
[WhiteElo "1747"]
[BlackElo "1670"]
[Annotator "NA RC"]
[PlyCount "90"]
[EventDate "2022.08.13"]
[EventCountry "POL"]
[SourceTitle "playchess.com"]
[Source "ChessBase"]
[SourceQuality "1"]
[TimeControl "40/5400+30:1800+30"]

1. c4 d6 2. d4 Nf6 3. Nf3 e6 4. g3 b6 5. Bg2 Bb7 6. Nc3 Be7 7. O-O Nbd7 8. Qc2 h5 9. Bg5 Ng4 10. Bxe7 Qxe7 11. e4 h4 12. h3 Ngf6 13. g4 Nxg4 14. hxg4 h3 15. Bh1 h2+ 16. Nxh2 O-O-O 17. f3 f5 18. exf5 exf5 19. Nd5 Qh4 20. Qf2 Qg5 21. f4 Qh6 22. Ne7+ Kb8 23. Bxb7 Kxb7 24. Qg2+ d5 25. Nxf5 Qf6 26. Rad1 g6 27. Ne3 Kb8 28. Nxd5 Qd6 29. Rfe1 Rh7 30. Rd2 Rdh8 31. Qe4 c6 32. Ne3 g5 33. Nf5 Qc7 34. d5 gxf4 35. d6 Qb7 36. Qe8+ Qc8 37. Qxc8+ Kxc8 38. Rf1 f3 39. Nxf3 Nf6 40. Rh2 Nxg4 41. Rxh7 Rxh7 42. Re1 Rf7 43. Re8+ Kd7 44. Re7+ Rxe7 45. dxe7 Nf6 1-0

[Event "58th Akiba Rubinstein C 2022"]
[Site "Polanica-Zdroj"]
[Date "2022.08.21"]
[Round "9.10"]
[White "Bukowska, Katarzyna"]
[Black "Tomalak, Stanislaw"]
[Result "1/2-1/2"]
[ECO "C77"]
[WhiteElo "1842"]
[BlackElo "1554"]
[Annotator "NA RC"]
[PlyCount "102"]
[EventDate "2022.08.13"]
[EventCountry "POL"]
[SourceTitle "playchess.com"]
[Source "ChessBase"]
[SourceQuality "1"]
[TimeControl "40/5400+30:1800+30"]

1. e4 e5 2. Nf3 Nc6 3. Bb5 a6 4. Ba4 Nf6 5. d3 b5 6. Bb3 Be7 7. O-O d6 8. a3 Bg4 9. Be3 Na5 10. Ba2 c5 11. Nc3 Nc6 12. Nd5 Nd4 13. Bxd4 cxd4 14. c4 dxc3 15. Nxc3 O-O 16. Nd5 Rc8 17. Ne3 Be6 18. Bxe6 fxe6 19. Qb3 Qd7 20. Rac1 h6 21. h3 Kf7 22. Rfe1 Rxc1 23. Rxc1 Rc8 24. Rc2 Rxc2 25. Qxc2 Bd8 26. Ng4 Nxg4 27. hxg4 Qc7 28. Qd2 Qc6 29. g3 g5 30. Kg2 Bb6 31. Kg1 Kf6 32. Ne1 a5 33. b3 Qc5 34. a4 b4 35. Qc2 d5 36. Qxc5 Bxc5 37. Kf1 Ke7 38. Ke2 Bd4 39. Ng2 Kd6 40. Ne3 Bc5 41. exd5 Bxe3 42. Kxe3 exd5 43. f4 gxf4+ 44. gxf4 exf4+ 45. Kxf4 Ke6 46. d4 Kf6 47. Kf3 Kg5 48. Kg3 Kf6 49. Kf3 Kg5 50. Kg3 Kf6 51. Kf4 Ke6 1/2-1/2

[Event "58th Akiba Rubinstein C 2022"]
[Site "Polanica-Zdroj"]
[Date "2022.08.21"]
[Round "9.11"]
[White "Mazalon, Mariusz"]
[Black "Twarogiel, Tadeusz"]
[Result "1-0"]
[ECO "A09"]
[WhiteElo "1994"]
[BlackElo "1767"]
[Annotator "NA RC"]
[PlyCount "69"]
[EventDate "2022.08.13"]
[EventCountry "POL"]
[SourceTitle "playchess.com"]
[Source "ChessBase"]
[SourceQuality "1"]
[TimeControl "40/5400+30:1800+30"]

1. Nf3 d5 2. c4 d4 3. g3 c5 4. b4 b6 5. Bg2 Bb7 6. O-O Nd7 7. d3 e5 8. b5 Bd6 9. e4 Ne7 10. Nh4 O-O 11. f4 f6 12. Bh3 g6 13. Be6+ Kg7 {[%emt 0:02:26] [#]} 14. Qg4 (14. f5 $1 $18 g5 15. Qg4 (15. Qh5 Qe8 $14)) 14... Nb8 $18 ({Much less strong is} 14... h5 15. Qh3 Bc8 16. f5 $16) (14... f5 $1 $11 15. Nxf5+ Nxf5) 15. f5 Bc8 16. Nxg6 hxg6 17. Bd5 Nxd5 18. Qxg6+ Kh8 19. Qh5+ Kg8 20. Bh6 Qe7 21. Bxf8 Qxf8 22. exd5 Bd7 23. Nd2 Be8 24. Qh4 Qg7 25. Ne4 Be7 26. g4 Nd7 27. Kh1 a5 28. Rf3 Qh7 29. Qf2 Qh6 30. Rg1 Nf8 31. g5 fxg5 32. f6 Bh5 33. fxe7 Bxf3+ 34. Qxf3 Ng6 35. Rxg5 1-0

[Event "58th Akiba Rubinstein C 2022"]
[Site "Polanica-Zdroj"]
[Date "2022.08.21"]
[Round "9.12"]
[White "Wziatek, Marek"]
[Black "Wielgus, Jerzy"]
[Result "1/2-1/2"]
[ECO "A15"]
[WhiteElo "1617"]
[BlackElo "1832"]
[Annotator "NA RC"]
[PlyCount "41"]
[EventDate "2022.08.13"]
[EventCountry "POL"]
[SourceTitle "playchess.com"]
[Source "ChessBase"]
[SourceQuality "1"]
[TimeControl "40/5400+30:1800+30"]

1. c4 Nf6 2. g3 c6 3. Bg2 d5 4. Nf3 dxc4 5. O-O Nbd7 6. Qc2 g6 7. Qxc4 Bg7 8. d4 O-O 9. Qc2 Re8 10. Rd1 Qa5 11. h3 e5 12. Bd2 Qb6 13. Bc3 Nd5 14. e3 Nxc3 15. Nxc3 exd4 16. Nxd4 Ne5 17. Na4 Qb4 18. a3 Qc4 19. Rac1 Qxc2 20. Rxc2 h6 21. Kh2 1/2-1/2

[Event "58th Akiba Rubinstein C 2022"]
[Site "Polanica-Zdroj"]
[Date "2022.08.21"]
[Round "9.13"]
[White "Chubar, Vladimir"]
[Black "Swierczynski, Stanislaw"]
[Result "1-0"]
[ECO "D00"]
[WhiteElo "1809"]
[BlackElo "1626"]
[Annotator "NA RC"]
[PlyCount "59"]
[EventDate "2022.08.13"]
[EventCountry "POL"]
[SourceTitle "playchess.com"]
[Source "ChessBase"]
[SourceQuality "1"]
[TimeControl "40/5400+30:1800+30"]

1. d4 d5 2. Bf4 Bf5 3. e3 e6 4. c4 Bd6 5. Bxd6 Qxd6 6. Qb3 Qb6 7. c5 Qxb3 8. axb3 Nf6 9. Nc3 c6 10. b4 Nbd7 11. b5 Ke7 12. Nf3 h6 13. Be2 Rhe8 14. O-O Kf8 15. bxc6 bxc6 16. Ra6 Reb8 17. Na4 Rb4 18. h3 Bc2 19. Ra1 Bxa4 20. R1xa4 Rxb2 21. Bd3 Rb3 22. Ne1 e5 23. Bf5 exd4 24. exd4 Re8 25. Nf3 Rb2 26. Rxa7 Nb8 27. Ne5 Re7 28. Nf3 Re8 29. Ne5 Re7 30. Rxe7 1-0

[Event "58th Akiba Rubinstein C 2022"]
[Site "Polanica-Zdroj"]
[Date "2022.08.21"]
[Round "9.14"]
[White "Bartczak, Hanna"]
[Black "Krasowski, Slawomir"]
[Result "0-1"]
[ECO "A45"]
[WhiteElo "1479"]
[BlackElo "1855"]
[Annotator "NA RC"]
[PlyCount "74"]
[EventDate "2022.08.13"]
[EventCountry "POL"]
[SourceTitle "playchess.com"]
[Source "ChessBase"]
[SourceQuality "1"]
[TimeControl "40/5400+30:1800+30"]

1. d4 Nf6 2. Nc3 d5 3. Bf4 g6 4. e3 Nh5 5. Nf3 Nxf4 6. exf4 c6 7. g3 Bg7 8. Bg2 Bg4 9. O-O Bxf3 10. Bxf3 Qb6 11. Ne2 Qxb2 12. Qd3 Qb6 13. Rfb1 Qc7 14. a4 b6 15. Rb3 e6 16. Rab1 O-O 17. c4 Qd6 18. Rc1 Rd8 19. c5 bxc5 20. Rxc5 Nd7 21. Rc1 c5 22. Qb1 c4 23. Rb7 Rab8 24. Rc2 Rxb7 25. Qxb7 Qb8 26. Rb2 Nb6 27. Qxb8 Rxb8 28. a5 Nd7 29. Rxb8+ Nxb8 30. g4 Nc6 31. f5 Nxa5 32. fxe6 fxe6 33. Kf1 Nc6 34. Nf4 Nxd4 35. Bd1 Nc6 36. Bf3 Nd4 37. Bd1 c3 0-1